Map: King's Cove LE

Players

goblin - Winner!

  • Race: Protoss Protoss
  • Spawn Location: 11:00

Namshar

  • Race: Zerg Zerg
  • Spawn Location: 5:00

Event: 2019 WCS Spring

VOD

Have the link to the VOD?

Description

Time

  • Played on: May 17, 2019, 7:29 a.m.
  • Length: 8:01

All games in this series

Show
View Real Time Build Order
Export as new Build Order

goblin Protoss - Winner!

Build Orders: 1 Gate Expand, Phoenix Opening, Mass Phoenix, Zealot Archon 

Get SALT Encoding   

  12  0:00  Probe  
  13  0:12  Probe  
  14  0:18  Pylon  
  14  0:24  Probe  
  15  0:32  Probe  
  15  0:39  Gateway  
  15  0:40  Probe  
  16  0:47  Assimilator  
  17  0:51  Probe  
  18  1:03  Probe  
  19  1:22  Nexus  
  20  1:25  Probe  
  20  1:35  Cybernetics Core  
  20  1:38  Probe  
  21  1:45  Assimilator  
  21  1:50  Probe  
  21  1:53  Pylon  
  22  2:01  Probe  
  22  2:02  Adept  
  23  2:09  Probe  
  26  2:17  Probe  
  26  2:19  Stargate  
  27  2:29  Probe  
  28  2:31  Probe  
  28  2:32  Stalker  
  31  2:39  Warp Gate  
  31  2:41  Probe x2  
  33  2:53  Probe x2  
  35  3:02  Phoenix  
  35  3:05  Probe x2  
  39  3:13  Assimilator, Probe  
  39  3:17  Probe, Pylon  
  41  3:22  Probe, Gateway  
  42  3:29  Phoenix  
  42  3:32  Probe  
  42  3:33  Probe  
  45  3:40  Assimilator  
  46  3:44  Probe  
  46  3:45  Probe  
  46  3:46  Phoenix  
  48  3:49  Stargate  
  50  3:58  Pylon  
  50  3:59  Probe  
  51  4:05  Probe  
  51  4:06  Phoenix  
  52  4:16  Probe  
  55  4:20  Probe  
  56  4:31  Zealot x2  
  59  4:36  Phoenix  
  61  4:39  Pylon  
  62  4:51  Phoenix  
  62  4:55  Pylon  
  62  4:58  Adept  
  59  5:01  Phoenix  
  59  5:02  Twilight Council  
  59  5:03  Robotics Facility  
  61  5:11  Phoenix, Pylon  
  61  5:20  Charge  
  63  5:23  Probe  
  63  5:26  Phoenix  
  66  5:43  Gateway x2  
  66  5:44  Gateway, Warp Prism  
  66  5:49  Gateway  
  66  5:54  Gateway x2  
  68  6:00  Pylon  
  68  6:11  Zealot x2  
  68  6:17  Pylon  
  72  6:21  Phoenix x2  
  72  6:22  Pylon  
  76  6:33  Pylon  
  76  6:52  Zealot x3  
  76  6:53  Zealot x5  
  92  6:59  Templar Archives  
  92  7:13  Zealot x4  
  96  7:30  Zealot  
  96  7:31  Zealot x3  
  92  7:45  High Templar x4  
  92  7:50  Archon x2  
  92  7:51  High Templar x2  
  100  7:52  Zealot  
  100  7:53  Zealot  
  100  7:55  Archon  
Show
View Real Time Build Order
Export as new Build Order

Namshar Zerg 

Build Orders: Hatch First 

Get SALT Encoding   

  12  0:00  Drone  
  13  0:12  Overlord  
  13  0:18  Drone  
  14  0:31  Drone x2  
  16  0:49  Hatchery  
  15  0:53  Drone  
  16  0:57  Drone  
  16  1:00  Drone  
  18  1:11  Extractor  
  17  1:15  Spawning Pool  
  17  1:17  Drone  
  17  1:22  Drone  
  18  1:28  Drone  
  19  1:40  Drone  
  20  1:50  Drone  
  21  2:01  Queen x2  
  21  2:02  Overlord, Zergling x2  
  26  2:11  Metabolic Boost, Drone  
  26  2:14  Drone  
  30  2:22  Drone x2  
  30  2:33  Drone x2  
  32  2:44  Hatchery  
  31  2:48  Pneumatized Carapace  
  31  2:53  Overlord  
  31  2:56  Drone  
  33  2:58  Drone  
  33  3:08  Drone x2  
  35  3:14  Drone x3  
  35  3:16  Zergling x2  
  35  3:17  Drone  
  35  3:19  Overlord  
  40  3:22  Drone  
  40  3:23  Drone  
  42  3:28  Queen  
  42  3:33  Overlord  
  44  3:40  Roach Warren  
  43  3:44  Drone x2  
  45  3:48  Overlord  
  45  3:50  Drone x2  
  45  3:52  Extractor  
  45  3:53  Extractor  
  45  3:56  Drone x4  
  49  4:03  Lair  
  49  4:08  Zergling x6  
  52  4:13  Queen  
  55  4:17  Zergling x4  
  55  4:18  Zergling x2  
  55  4:19  Zergling x2  
  55  4:24  Overlord  
  58  4:25  Drone x2  
  58  4:26  Drone  
  58  4:30  Drone x2  
  63  4:32  Drone x2  
  62  4:38  Drone  
  62  4:39  Drone  
  62  4:43  Queen  
  66  4:52  Zergling x6  
  68  4:59  Zergling x4  
  68  5:00  Drone x6  
  68  5:03  Spore Crawler  
  72  5:07  Spore Crawler  
  72  5:09  Spore Crawler  
  72  5:13  Overlord  
  67  5:15  Overseer  
  67  5:19  Overlord  
  66  5:24  Evolution Chamber  
  66  5:25  Extractor  
  66  5:26  Queen  
  66  5:28  Spore Crawler, Queen  
  64  5:29  Spore Crawler, Queen  
  64  5:31  Spore Crawler  
  64  5:34  Drone x4  
  68  5:40  Drone x4  
  72  5:46  Drone  
  72  5:47  Drone x4  
  72  5:48  Hydralisk Den  
  77  5:52  Drone x2  
  77  5:54  Extractor  
  78  6:03  Drone x6  
  81  6:13  Overlord  
  81  6:18  Evolution Chamber  
  80  6:25  Overlord  
  80  6:38  Overlord  
  80  6:39  Overlord x2  
  80  6:40  Queen  
  80  6:43  Queen  
  82  6:49  Drone x6  
  82  6:54  Overlord x2, Drone  
  89  6:56  Extractor, Queen  
  90  7:03  Roach x4  
  90  7:06  Roach x2  
  103  7:10  Roach x2  
  103  7:13  Roach x2  
  103  7:16  Roach x2, Queen  
  103  7:22  Roach x2  
  104  7:28  Roach  
  96  7:32  Roach x2  
Tags
 
Add a new tag
Caveats
  • Supply blocks, unpowered buildings, or Contaminate may cause inaccurate times.
  • Supply counts are checked every 10 seconds.